 Dungeon Crawl Stone Soup version 0.31.0-32-g396128a36d (webtiles) character file.

Game seed: 951174815790409987

26612 spaghetti the Slayer (level 13, -23/171 (175) HPs)
             Began as an Oni Chaos Knight on Mar 16, 2024.
             Was a Plaything of Xom.
             Killed by the raging water
             ... invoked by a water nymph
              (32 damage)
             ... on level 12 of the Dungeon.
             The game lasted 00:17:28 (14917 turns).

spaghetti the Slayer (Oni Chaos Knight)            Turns: 14917, Time: 00:17:29

HP:   -23/171 (175) AC: 15    Str: 22      XL:     13   Next: 27%
MP:   13/13         EV:  9    Int: 12      God:    Xom [....*.]
Gold: 1022          SH:  0    Dex: 10 (12) Spells: 12/12 levels left

rFire   + . .        n - +3 quarterstaff (chaos)
rCold   . . .        (shield currently unavailable)
rNeg    . . .        B - +0 acid dragon scales
rPois   .            (helmet restricted)
rElec   .            v - +0 cloak
rCorr   +            (gloves unavailable)
SInv    .            (boots unavailable)
Will    +....        h - amulet of the acrobat
Stlth   +            c - +4 ring of protection
HPRegen 0.48/turn    (no ring)
MPRegen 0.13/turn

%: acrobat
@: lightly drained
A: large, unfitting armour, horns 2, tough skin 1, double potion healing,
drunken brawling, hooves 1, iridescent scales 1, agile 1, deterioration 1, fire
resistance 1, wild magic 1, evolution 1
a: Renounce Religion


You were on level 12 of the Dungeon.
You worshipped Xom.
You were a beloved toy of Xom.
You visited 1 branch of the dungeon, and saw 12 of its levels.

You collected 1162 gold pieces.
You spent 140 gold pieces at shops.

Inventory:

Hand Weapons
 a - a +0 spear of chaos
 g - a +0 dagger of venom
 l - a +0 heavy giant spiked club
 n - a +3 quarterstaff of chaos (weapon)
 y - a +3 trident of draining
 A - a +2 great sword of distortion
Missiles
 F - 11 large rocks (quivered)
Armour
 b - a +2 robe
 o - a +1 cloak
 v - a +0 cloak (worn)
 B - +0 acid dragon scales (worn)
Jewellery
 c - a +4 ring of protection (left hand)
 h - an amulet of the acrobat (around neck)
 t - the ring of Eternal Harmony {rPois Will+ Int+5 Slay-6}
   (You found it on level 9 of the Dungeon)

   [ring of willpower]

   Int+5:     It affects your intelligence (+5).
   Slay-6:    It affects your accuracy & damage with ranged weapons and melee
   (-6).
   rPois:     It protects you from poison Will+: It increases your willpower.
Wands
 k - a wand of flame (2)
 x - a wand of roots (2)
 G - a wand of mindburst (3)
 H - a wand of polymorph (5)
Scrolls
 d - 4 scrolls of fog
 f - 2 scrolls of amnesia
 i - 2 scrolls of vulnerability
 j - 2 scrolls of enchant weapon
 m - a scroll of noise
 p - a scroll of poison
 q - 2 scrolls of torment
 w - a scroll of revelation
 z - a scroll of silence
 C - a scroll of identify
 D - a scroll of immolation
Potions
 e - 3 potions of curing
 r - a potion of cancellation
 u - a potion of attraction


   Skills:
 + Level 23.4 Fighting
 - Level 3.0 Polearms
 + Level 2.7 Throwing
 + Level 5.4 Armour
 - Level 2.1 Dodging
 - Level 8.0 Evocations


You had 12 spell levels left.
You didn't know any spells.
Your spell library contained the following spells:

 Spells                   Type           Power      Damage    Failure   Level
 Kiss of Death            Conj/Necr      0%         2d5       47%         1
 Magic Dart               Conj           0%         1d3       47%         1
 Blink                    Tloc           0%         N/A       61%         2
 Call Imp                 Summ           0%         N/A       61%         2
 Ensorcelled Hibernation  Hex/Ice        0%         N/A       61%         2
 Mercury Vapours          Alch/Air       0%         N/A       61%         2
 Searing Ray              Conj           0%         2d4       61%         2
 Confusing Touch          Hex            0%         N/A       83%         3
 Dazzling Flash           Conj/Hex       0%         N/A       83%         3
 Mephitic Cloud           Conj/Alch/Air  0%         N/A       83%         3
 Passwall                 Erth           0%         N/A       83%         3
 Swiftness                Air            0%         N/A       83%         3
 Tukima's Dance           Hex            0%         N/A       83%         3
 Volatile Blastmotes      Fire/Tloc      0%         2d10      83%         3
 Dimensional Bullseye     Hex/Tloc       0%         N/A       99%         4
 Dispel Undead            Necr           0%         3d6       99%         4
 Fulminant Prism          Conj/Alch      0%         3d5       99%         4
 Iskenderun's Mystic Bla  Conj/Tloc      0%         2d3       99%         4
 Freezing Cloud           Conj/Ice/Air   0%         6-21      100%        5
 Starburst                Conj/Fire      0%         6d3       100%        6
 Maxwell's Capacitive Co  Air            0%         ∞         100%        8


Dungeon Overview and Level Annotations

Branches:
Dungeon (12/15)            Temple (0/1) D:5            Lair (0/5) D:11
    Orc (0/2) D:9

Altars:
Ashenzari
Fedhas
Makhleb
Sif Muna
Uskayaw
Xom
Yredelemnul
Zin
The Shining One

Shops:
D:3 :?!   D:11 [

Annotations:
D:4 Robin
D:5 exclusion: door


Innate Abilities, Weirdness & Mutations

You are too large for most types of armour.
You have a pair of horns on your head.
You have tough skin. (AC +1)
You gain doubled healing and magic from potions.
Whenever you drink a healing potion, you attack all around you.
You have large cloven feet.
You are partially covered in iridescent scales. (AC +2)
You are agile. (Dex +4, Str/Int -1)
Your body sometimes deteriorates upon taking damage.
Your flesh is heat resistant. (rF+)
Your spells are a little harder to cast, but a little more powerful.
You have hidden genetic potential.


Message History

The slime creature hits you!
* * * LOW HITPOINT WARNING * * *
The water nymph touches you.
* * * LOW HITPOINT WARNING * * *
The water nymph drowns you!
* * * LOW HITPOINT WARNING * * *
Splash!
You fall into the shallow water.
The slime creature attacks as it pursues you!
The slime creature hits you but does no damage. x3
The slime creature attacks as it pursues you!
The slime creature barely misses you. The slime creature hits you!
* * * LOW HITPOINT WARNING * * *
Two slime creatures merge to form a large slime creature.
Throw: 13 large rocks
Press: ? - help, Q - select action, (/) - cycle Shift-Dir - straight line, f - large slime creature
Aim: a large slime creature (severely wounded, fast, very poisoned, 85% to hit)
You throw a large rock.
The large rock hits the large slime creature!!
The large slime creature is almost dead.
A large slime creature splits.
The slime creature hits you.
* * * LOW HITPOINT WARNING * * *
The slime creature hits you but does no damage.
Throw: 12 large rocks
Press: ? - help, Q - select action, (/) - cycle Shift-Dir - straight line, f/p - slime creature
Aim: a slime creature (almost dead, fast, very poisoned, 85% to hit)
You throw a large rock.
The large rock hits the slime creature!!
You kill the slime creature!
You hear a splash.
The area is suffused with divine lightning!
The blast of lightning engulfs the slime creature!!!
The slime creature dies!
The blast of lightning engulfs the water nymph!!
Splash!
You fall into the shallow water.
The water nymph points at you and mumbles some strange words.
The water swirls and strikes you!!
You die...
Xom chuckles heartily!

....# #.# ...## #.#
###....### #.)
##.$....... ###
#~~###..... # #.~###
... . #~~~~# . ##
##..m## ##..~.@###..
#...........#
#(.###.....## #
#...##...### .
#...##...## #
#...###...# #
#.........##### #####
##............#####....
#...##.###............


You could see a water nymph.

Vanquished Creatures
  Rupert (D:12)
  A hydra (D:9)
  A centaur warrior (D:9)
  7 two-headed ogres
  Lodul (D:11)
  3 cyclopes
  An ugly thing (D:12)
  A manticore (D:12)
  Joseph (D:8)
  3 centaur zombies (D:10)
  A gargoyle (D:12)
  Maggie (D:9)
  Jeremiah (D:9)
  A tengu conjurer (D:9)
  A komodo dragon (D:11)
  4 trolls
  A hornet (D:9)
  A meliai zombie (D:10)
  2 slime creatures (D:12)
  A shadow (D:10)
  3 wraiths
  2 wyverns
  5 vampire mosquitoes
  Edmund (D:5)
  An acid dragon (D:11)
  A water moccasin (D:5)
  10 orc warriors
  2 ice beasts (D:6)
  A black bear (D:7)
  6 ogres
  A boggart (D:9)
  7 centaurs
  4 kobold brigands
  2 bullfrogs
  3 necrophages
  4 scorpions
  18 wights
  11 killer bees (D:9)
  3 howler monkeys
  2 gnoll boudas
  A human zombie (D:10)
  2 jellies (D:8)
  5 orc priests
  2 hounds
  Crazy Yiuf (D:5)
  Ijyb (D:4)
  2 iguanas
  9 orc wizards
  A hound skeleton (D:6)
  2 mummies (D:10)
  15 gnolls
  4 adders
  2 white imps
  4 ufetubi
  3 ribbon worms
  A dart slug (D:1)
  50 orcs
  8 endoplasms
  5 giant cockroaches
  9 goblins
  6 hobgoblins
  10 jackals
  3 quokkas
  5 ball pythons
  7 bats
  3 frilled lizards
  14 kobolds
  4 rats
300 creatures vanquished.

Vanquished Creatures (collateral kills)
  2 vampire mosquitoes (D:10)
  4 ogres (D:11)
6 creatures vanquished.

Vanquished Creatures (others)
  A slime creature (D:12)
  An orc zombie (D:11)
2 creatures vanquished.

Grand Total: 308 creatures vanquished

Notes
Turn   | Place    | Note
-------+----------+-------------------------------------------
     0 | D:1      | spaghetti the Oni Chaos Knight began the quest for the Orb.
     0 | D:1      | Reached XP level 1. HP: 24/24 MP: 1/1
    48 | D:1      | XOM: potion effect (magic)
   159 | D:1      | Reached XP level 2. HP: 33/33 MP: 2/2
   256 | D:1      | Found a faded altar of an unknown god.
   306 | D:1      | Reached skill level 5 in Fighting
   742 | D:1      | XOM: give mutations
   742 | D:1      | Gained mutation: Your flesh is cold resistant. (rC+) [Xom's
                  | mischief]
   742 | D:1      | Gained mutation: You have an increased reservoir of magic.
                  | (+10% MP) [Xom's mischief]
   742 | D:1      | Gained mutation: You have sharp toenails. [Xom's mischief]
  1052 | D:2      | XOM: silly message
  1092 | D:2      | Reached XP level 3. HP: 42/42 MP: 3/3
  1554 | D:3      | Found Jehazie's Book Shop.
  1633 | D:3      | Found Koceamum's Magic Scroll Emporium.
  1638 | D:3      | Bought 2 scrolls of identify for 52 gold pieces
  1671 | D:3      | Found a glowing golden altar of the Shining One.
  1671 | D:3      | Found a broken altar of Ashenzari.
  1717 | D:3      | Found Japotzo's Distillery.
  1724 | D:3      | Reached skill level 6 in Fighting
  1780 | D:3      | Reached XP level 4. HP: 25/53 MP: 4/4
  2007 | D:3      | Reached skill level 7 in Fighting
  2138 | D:3      | XOM: noise
  2549 | D:3      | XOM: cloud trail
  2639 | D:3      | XOM: divination: magic mapping
  2724 | D:4      | XOM: scenery: create altars
  2890 | D:3      | XOM: give mutations
  2890 | D:3      | Gained mutation: Your muscles are strong. (Str +4, Int/Dex
                  | -1) [Xom's mischief]
  2890 | D:3      | Gained mutation: Your spells are a little harder to cast,
                  | but a little more powerful. [Xom's mischief]
  2890 | D:3      | Lost mutation: Your muscles are strong. (Str +4, Int/Dex
                  | -1) [Xom's mischief]
  2942 | D:3      | Bought a potion of mutation for 88 gold pieces
  2942 | D:3      | Lost mutation: You have an increased reservoir of magic.
                  | (+10% MP) [potion of mutation]
  2942 | D:3      | Lost mutation: You have sharp toenails. [potion of
                  | mutation]
  2942 | D:3      | Gained mutation: Your flesh is heat resistant. (rF+)
                  | [potion of mutation]
  2942 | D:3      | Gained mutation: Your body sometimes deteriorates upon
                  | taking damage. [potion of mutation]
  2942 | D:3      | Gained mutation: You have large cloven feet. [potion of
                  | mutation]
  3031 | D:4      | Noticed Ijyb
  3042 | D:4      | Killed Ijyb
  3043 | D:4      | Reached XP level 5. HP: 53/62 MP: 5/5
  3111 | D:4      | XOM: give mutations
  3111 | D:4      | Gained mutation: You are partially covered in iridescent
                  | scales. (AC +2) [Xom's mischief]
  3111 | D:4      | Gained mutation: You are agile. (Dex +4, Str/Int -1) [Xom's
                  | mischief]
  3111 | D:4      | Gained mutation: You have a pair of horns on your head.
                  | [Xom's mischief]
  3111 | D:4      | Lost mutation: Your flesh is cold resistant. (rC+) [Xom's
                  | mischief]
  3190 | D:4      | Noticed Robin
  3205 | D:4      | XOM: summons 3 hostile demons
  3221 | D:4      | XOM: 2-stop teleportation journey
  3396 | D:5      | Entered Level 5 of the Dungeon
  3409 | D:5      | XOM: noise
  3411 | D:5      | Reached skill level 8 in Fighting
  3414 | D:5      | XOM: divination: detect items
  3420 | D:5      | Reached XP level 6. HP: 25/74 MP: 6/6
  3438 | D:5      | Noticed Edmund
  3450 | D:5      | Noticed a water moccasin
  3462 | D:5      | Killed a water moccasin
  3463 | D:5      | Reached skill level 9 in Fighting
  3612 | D:5      | Found a staircase to the Ecumenical Temple.
  3759 | D:5      | XOM: divination: detect items
  3771 | D:5      | Killed Edmund
  3772 | D:5      | Reached skill level 10 in Fighting
  3772 | D:5      | Reached XP level 7. HP: 35/87 MP: 7/7
  3778 | D:5      | XOM: summons 1 hostile demon
  3941 | D:5      | XOM is BORED!
  3941 | D:5      | XOM: noise
  4392 | D:5      | Found a hide-covered altar of Uskayaw.
  4425 | D:5      | XOM is BORED!
  4595 | D:5      | Reached skill level 11 in Fighting
  4679 | D:5      | XOM: polymorph rat -> rat
  4738 | D:5      | Found a runed translucent door.
  4739 | D:5      | Noticed Crazy Yiuf
  4862 | D:5      | Killed Crazy Yiuf
  4988 | D:6      | XOM: silly message
  4994 | D:6      | XOM: butterfly on damage
  4995 | D:6      | XOM: summons 3 hostile demons
  4996 | D:6      | Noticed a smoke demon
  5001 | D:6      | XOM: swap monsters
  5016 | D:6      | HP: 1/88 [smoke demon/divine providence[Xom] (15)]
  5334 | D:6      | Found a burning altar of Makhleb.
  5447 | D:6      | XOM: swap monsters
  5453 | D:6      | XOM: noise
  5463 | D:6      | Reached skill level 12 in Fighting
  5463 | D:6      | Reached XP level 8. HP: 92/98 MP: 8/8
  5529 | D:6      | XOM: noise
  5720 | D:6      | Reached skill level 13 in Fighting
  5788 | D:6      | Found a glowing silver altar of Zin.
  5954 | D:7      | Found a blossoming altar of Fedhas.
  5996 | D:7      | XOM: god gift: 43 gold pieces
  6023 | D:7      | Found a shimmering altar of Xom.
  6024 | D:7      | XOM: divination: magic mapping
  6062 | D:7      | Reached skill level 14 in Fighting
  6141 | D:7      | Reached XP level 9. HP: 90/112 MP: 9/9
  6224 | D:7      | Found a shimmering blue altar of Sif Muna.
  6467 | D:7      | Reached skill level 15 in Fighting
  6510 | D:7      | XOM: cleaving
  6604 | D:7      | You fall into a shaft and drop 2 floors!
  6655 | D:9      | Identified the ring of Eternal Harmony {rPois Will+ Int+5
                  | Slay-6}
  6738 | D:9      | XOM: scenery: create altars
  6829 | D:9      | Noticed a six-headed hydra
  6829 | D:9      | Noticed a tengu conjurer
  6836 | D:9      | Killed a tengu conjurer
  6837 | D:9      | Reached skill level 16 in Fighting
  6838 | D:9      | Killed a six-headed hydra
  6839 | D:9      | Reached skill level 17 in Fighting
  6859 | D:9      | XOM: stat loss: -1 Int (11/12)
  6952 | D:9      | XOM: confuse monster(s)
  7034 | D:9      | XOM: 3-stop teleportation journey
  7136 | D:8      | XOM: summons friendly ufetubus
  7145 | D:8      | Reached XP level 10. HP: 89/124 MP: 10/10
  7247 | D:8      | Reached skill level 18 in Fighting
  7338 | D:8      | XOM: potion effect (attraction)
  7418 | D:8      | Noticed Joseph
  7423 | D:8      | XOM: summons 3 friendly demons
  7428 | D:8      | XOM: noise
  7441 | D:8      | Killed Joseph
  7763 | D:8      | Noticed a two-headed ogre
  7770 | D:8      | Killed a two-headed ogre
  7771 | D:8      | Reached skill level 19 in Fighting
  8307 | D:8      | XOM: 1-stop teleportation journey
  8944 | D:8      | XOM: divination: magic mapping
  9198 | D:9      | Found a staircase to the Orcish Mines.
  9198 | D:9      | XOM: silly message
  9210 | D:9      | XOM: divination: detect creatures
  9248 | D:9      | XOM: silly message
  9405 | D:9      | Noticed Jeremiah
  9415 | D:10     | Entered Level 10 of the Dungeon
  9432 | D:10     | Noticed a two-headed ogre
  9448 | D:10     | XOM: potion effect (experience)
  9448 | D:10     | Reached XP level 11. HP: 142/146 MP: 11/11
  9461 | D:10     | Killed a two-headed ogre
  9462 | D:10     | Reached skill level 20 in Fighting
  9604 | D:10     | XOM: god gift: scroll of fog
  9625 | D:10     | XOM: 2-stop teleportation journey
  9663 | D:10     | XOM: noise
  9675 | D:10     | XOM: divination: detect creatures
  9754 | D:9      | XOM: potion effect (invisibility)
 10207 | D:9      | XOM: cast spell 'Death Channel'
 10208 | D:9      | XOM: divination: magic mapping
 10290 | D:9      | Noticed a two-headed ogre
 10296 | D:9      | XOM: confuse monster(s)
 10298 | D:9      | Killed a two-headed ogre
 10299 | D:9      | Reached XP level 12. HP: 114/158 MP: 12/12
 10432 | D:9      | Noticed a centaur warrior
 10446 | D:9      | Killed a centaur warrior
 10453 | D:9      | Reached skill level 21 in Fighting
 10499 | D:9      | Noticed a two-headed ogre
 10501 | D:9      | XOM: divination: magic mapping
 10507 | D:9      | Killed a two-headed ogre
 10671 | D:9      | XOM: divination: detect creatures
 10846 | D:9      | Noticed Maggie
 10856 | D:9      | Killed Maggie
 11019 | D:9      | XOM: potion effect (curing)
 11437 | D:9      | Killed Jeremiah
 11612 | D:10     | XOM: silly message
 11720 | D:10     | XOM: 1-stop teleportation journey
 11758 | D:10     | XOM: cast spell 'Summon Mana Viper'
 12028 | D:10     | XOM: silly message
 12031 | D:10     | XOM: silly message
 12416 | D:10     | Reached skill level 22 in Fighting
 12432 | D:10     | XOM: divination: magic mapping
 12444 | D:10     | Found a basalt altar of Yredelemnul.
 12888 | D:11     | Found a staircase to the Lair.
 12897 | D:11     | Noticed a two-headed ogre
 12905 | D:11     | Killed a two-headed ogre
 12906 | D:11     | Reached skill level 1 in Armour
 13094 | D:11     | XOM: noise
 13226 | D:11     | XOM: 1-stop teleportation journey
 13278 | D:11     | Noticed a two-headed ogre
 13279 | D:11     | Noticed Lodul
 13294 | D:11     | XOM: potion effect (might)
 13515 | D:11     | Killed a two-headed ogre
 13638 | D:11     | XOM: smoke on damage
 13823 | D:11     | XOM: enchant monster (bad)
 13872 | D:11     | Killed Lodul
 13872 | D:11     | XOM: summons friendly ynoxinul
 13873 | D:11     | Reached skill level 23 in Fighting
 13880 | D:11     | Reached XP level 13. HP: 65/175 MP: 13/13
 14219 | D:11     | Found Xaulome's Antique Armour Shop.
 14382 | D:12     | XOM: confuse monster(s)
 14490 | D:12     | XOM: give mutation
 14490 | D:12     | Gained mutation: You have hidden genetic potential. [Xom's
                  | grace]
 14545 | D:12     | Reached skill level 1 in Throwing
 14550 | D:12     | Reached skill level 5 in Armour
 14623 | D:12     | XOM: 4-stop teleportation journey
 14654 | D:12     | Noticed Rupert
 14689 | D:12     | Killed Rupert
 14847 | D:12     | XOM: summons 7 hostile demons
 14860 | D:12     | XOM: stat loss: -1 Dex (11/12)
 14909 | D:12     | XOM: polymorph slime creature -> water nymph
 14914 | D:12     | HP: 8/171 [slime creature (10)]
 14917 | D:12     | XOM: divine lightning
 14917 | D:12     | Killed from afar by a water nymph

Illustrated notes

Levels and vault maps discovered:
D:1:      lightli_arrival_windingriver, layout_basic, serial_glass,
          glass_columns_c, glass_columns_b, due_unseen_surprise,
          item_on_display_a, item_on_display_a, item_on_display_a,
          shapermc_ecumenical_altar_flowoftime
D:2:      layout_loops_ring
D:3:      layout_loops_ring, mainiacjoe_overflow_large_starburst, serial_shops,
          shop, nicolae_shop_trees, shop_fountains
D:4:      layout_loops_ring, hangedman_abyss_or_decor_lesser_grid, fountainhead,
          kennysheep_generic_room_12, uniq_ijyb, uniq_robin
D:5:      layout_loops_corners, nicolae_overflow_hidden_temple,
          minmay_temple_entry_mini_moons, portal_sewer_entry_b,
          minmay_misc_feat_four_crosses, uniq_crazy_yiuf_cottage, uniq_edmund
D:6:      layout_rooms, zin_treasury, makhleb_blood_cavern_becter
D:7:      layout_basic, mainiacjoe_overflow_paths,
          mainiacjoe_overflow_boulevard, nicolae_sif_muna_condensation,
          chequers_serial_rivers_large_a
D:8:      layout_loops_ring, minmay_door_square, uniq_joseph
D:9:      cheibrodos_barr_body, layout_loops_ring,
          minmay_orc_entry_temple_small, special_room [special_room_orc],
          minmay_misc_feat_alley, minivault_20, uniq_jeremiah, uniq_maggie
D:10:     layout_gridville, lemuel_mausoleum_altar_yredelemnul
D:11:     layout_basic, lair_entry_dummy, serial_shops, shop,
          serial_park_tiny_1, uniq_lodul
D:12:     layout_loops_ring, hangedman_decor_growths, uniq_rupert

Skill      XL: |  1  2  3  4  5  6  7  8  9 10 11 12 13 |
---------------+----------------------------------------+-----
Fighting       | 5 6 7 8 10 12 14 17 19 20 23 | 23.4
Evocations     | 7 8 |  8.0
Armour         | 4 5 |  5.4
Throwing       | 2 |  2.7
Polearms       | |  3.0
Dodging        | |  2.1

Action                     |  1- 3 |  4- 6 |  7- 9 | 10-12 | 13-15 || total
---------------------------+-------+-------+-------+-------+-------++-------
  Melee: Spear             |    67 |       |       |       |       ||    67
         Headbutt          |    18 |    27 |    48 |    97 |    20 ||   210
         Dagger            |    42 |   148 |    69 |       |       ||   259
         Kick              |    10 |    39 |    65 |   134 |    28 ||   276
         Punch             |       |     2 |     1 |       |       ||     3
         Quarterstaff      |       |       |   155 |   437 |    60 ||   652
  Throw: Throwing net      |       |       |       |     2 |       ||     2
         Large rock        |       |       |       |       |    16 ||    16
  Evoke: Wand              |       |     3 |       |    19 |     1 ||    23
    Use: Scroll            |     5 |     4 |     8 |     9 |     1 ||    27
         Potion            |       |     1 |     5 |     9 |     5 ||    20
   Stab: Petrifying        |     1 |       |       |       |       ||     1
         Confused          |       |       |     4 |     1 |     1 ||     6
         Petrified         |       |       |       |     3 |       ||     3
         Sleeping          |       |       |       |     1 |       ||     1
         Paralysed         |       |       |       |     2 |       ||     2
         Invisible         |       |       |       |     4 |       ||     4
         Distracted        |       |       |       |     1 |       ||     1
 Armour: Robe              |    69 |   138 |   206 |   384 |       ||   797
         Skin              |       |       |       |    21 |       ||    21
         Acid dragon scale |       |       |       |    96 |    98 ||   194
  Dodge: Dodged            |    43 |   102 |   147 |   317 |    49 ||   658
